 Dungeon Crawl Stone Soup version 0.22.1-6-g1668fe2 (webtiles) character file.

1225 brainwave the Cudgeler (level 8, -5/61 HPs)
             Began as a Human Fighter on Jan 29, 2019.
             Killed by divine providence
             ... invoked by an orc priest
              (15 damage)
             ... on level 5 of the Dungeon.
             The game lasted 00:47:25 (5900 turns).

brainwave the Cudgeler (Human Fighter)              Turns: 5900, Time: 00:47:26

Health: -5/61      AC:  9    Str: 19    XL:     8   Next: 76%
Magic:  8/8        EV:  9    Int:  9    God:
Gold:   260        SH: 10    Dex: 10    Spells: 7/7 levels left

rFire    . . .     SeeInvis .   a - +1 flail
rCold    . . .     Gourm    .   c - +0 shield
rNeg     . . .     Faith    .   b - +0 scale mail
rPois    +         Spirit   .   (no helmet)
rElec    .         Reflect  .   (no cloak)
rCorr    .         Harm     .   (no gloves)
MR       .....                  (no boots)
Stlth    ..........             (no amulet)
HPRegen  0.20/turn              u - ring of poison resistance
MPRegen  0.11/turn              (no ring)

@: no status effects
A: yellow scales 1, clumsy 1
a: no special abilities


You were on level 5 of the Dungeon.
You were not hungry.

You visited 1 branch of the dungeon, and saw 5 of its levels.

You collected 260 gold pieces.

Inventory:

Hand Weapons
 a - a +1 flail (weapon)
 d - a +0 scythe
 l - a cursed -2 war axe
 n - a +0 fustibalus
 r - a +0 dagger
 x - a +0 rapier
 y - a +0 whip
 A - a +0 flail
 B - a +0 falchion
 E - a +0 hand axe
 O - a +0 falchion
 Q - a +0 shortbow of flaming
 R - a +0 flail
 S - a +0 hand axe
Missiles
 e - 45 sling bullets
 g - 97 stones (quivered)
 i - 42 bolts
 C - 7 tomahawks
 F - 43 arrows
 G - 13 poisoned needles
Armour
 b - a +0 scale mail (worn)
 c - a +0 shield (worn)
 p - a +0 leather armour
 q - a +0 robe
 t - a +0 robe
 D - a +0 ring mail
 H - a +0 robe
 N - the +1 scale mail of the Sailor {rF+ Str+5, unknown}
   (You found it on level 4 of the Dungeon)

   It affects your strength (+5).
   It protects you from fire.
 P - a +0 leather armour
 T - a +0 ring mail
 U - a cursed +0 scale mail
Jewellery
 u - a ring of poison resistance (left hand)
Wands
 L - a wand of iceblast (10)
 M - a wand of disintegration (17)
Scrolls
 j - a scroll of enchant weapon
 k - a scroll of random uselessness
 m - 2 scrolls of immolation {unknown}
 o - 3 scrolls of remove curse
 s - 6 scrolls of teleportation
 v - a scroll of amnesia {unknown}
 w - 2 scrolls of magic mapping {unknown}
 z - 2 scrolls of identify
 K - a scroll of blinking {unknown}
Potions
 h - a potion of curing
 I - a potion of resistance {unknown}
 J - a potion of mutation
 V - a potion of flight {unknown}
Comestibles
 f - 3 rations


   Skills:
 + Level 4.3 Fighting
 + Level 6.0 Maces & Flails
 + Level 5.5 Armour
 + Level 2.7 Dodging
 + Level 1.0 Stealth
 + Level 5.5 Shields


You had 7 spell levels left.
You didn't know any spells.
Your spell library was empty.

Dungeon Overview and Level Annotations

Branches:
Dungeon (5/15)
 Temple: D:4-7

Altars:
Makhleb
Nemelex Xobeh
Sif Muna

Shops:
D:5 (


Innate Abilities, Weirdness & Mutations

You are partially covered in yellow scales. (AC +2)
You are clumsy. (Dex -2)


Message History

The orc priest invokes the aid of Beogh against you.
Pain shoots through your body! The orc priest hits you with a flail.
You see here a trident.
You hit the orc priest.
The orc priest is heavily wounded.
The orc priest hits you with a flail.
You hit the orc priest.
The orc priest is severely wounded.
The orc priest barely misses you.
You hit the orc priest.
The orc priest is almost dead.
The orc priest calls down the wrath of Beogh upon you.
Beogh smites you!
* * * LOW HITPOINT WARNING * * *
You closely miss the orc priest.
The orc priest is almost dead.
The orc priest calls down the wrath of Beogh upon you.
Beogh smites you!
You die...

#........ #........
#........ #### .........
#.. #..###########.#
.............#.#######.#
...........[............
....#.##.#<..#.#†######
)#..#........#.#@#
)##.####.......#o#
.##..........###.#
.###.#######.# #.# .#
#..# #.# #.# .# ##.##
#.# #.# .# #...### # #.#
####...'_+ #.# #.#
'......###...#


You could see an orc priest.

Vanquished Creatures
  Sigmund (D:3)
  A water moccasin (D:5)
  A necrophage (D:5)
  An ogre (D:4)
  A centaur (D:5)
  A scorpion (D:4)
  A crimson imp (D:5)
  A hound (D:5)
  A centaur skeleton (D:4)
  An orc wizard (D:4)
  4 orc priests (D:5)
  2 iguanas (D:5)
  5 worker ants
  A hound zombie (D:5)
  A hound skeleton (D:4)
  8 adders
  3 oozes
  3 worms
  5 dart slugs
  2 leopard geckos
  20 orcs
  2 giant cockroaches
  7 goblins
  5 hobgoblins
  4 jackals (D:3)
  2 quokkas (D:2)
  A ball python (D:2)
  4 bats
  8 frilled lizards
  6 kobolds
  11 rats
114 creatures vanquished.

Vanquished Creatures (others)
  2 orc wizards
2 creatures vanquished.

Grand Total: 116 creatures vanquished

Notes
Turn   | Place    | Note
-------+----------+-------------------------------------------
     0 | D:1      | brainwave the Human Fighter began the quest for the Orb.
     0 | D:1      | Reached XP level 1. HP: 18/18 MP: 1/1
   176 | D:1      | Reached XP level 2. HP: 24/24 MP: 2/2
   634 | D:1      | Reached XP level 3. HP: 26/29 MP: 3/3
  1372 | D:2      | Found a faded altar of an unknown god.
  1379 | D:2      | Reached XP level 4. HP: 35/35 MP: 4/4
  1786 | D:2      | You fall through a shaft!
  2315 | D:3      | Reached skill level 3 in Maces & Flails
  2550 | D:3      | Reached XP level 5. HP: 36/41 MP: 5/5
  3031 | D:3      | Noticed Sigmund
  3081 | D:3      | Killed Sigmund
  3081 | D:3      | Reached skill level 1 in Dodging
  3081 | D:3      | Reached XP level 6. HP: 45/48 MP: 6/6
  3630 | D:4      | Reached skill level 4 in Maces & Flails
  3642 | D:4      | Gained mutation: You are clumsy. (Dex -2) [potion of
                  | mutation]
  3642 | D:4      | Gained mutation: You are partially covered in yellow
                  | scales. (AC +2) [potion of mutation]
  3889 | D:4      | Noticed an ogre
  3906 | D:4      | Killed an ogre
  3906 | D:4      | Reached XP level 7. HP: 25/54 MP: 7/7
  4086 | D:4      | Got an ichor-stained scale mail
  4794 | D:4      | Found a sparkling altar of Nemelex Xobeh.
  4921 | D:5      | Entered Level 5 of the Dungeon
  5036 | D:5      | Reached skill level 5 in Maces & Flails
  5150 | D:5      | Reached skill level 5 in Armour
  5150 | D:5      | Reached skill level 1 in Stealth
  5150 | D:5      | Reached skill level 5 in Shields
  5150 | D:5      | Reached XP level 8. HP: 45/59 MP: 8/8
  5545 | D:5      | Found Nar Mys's Weapon Boutique.
  5699 | D:5      | Found a deep blue altar of Sif Muna.
  5815 | D:5      | Found a burning altar of Makhleb.
  5890 | D:5      | Reached skill level 6 in Maces & Flails
  5900 | D:5      | Killed from afar by an orc priest

Skill      XL: |  1  2  3  4  5  6  7  8 |
---------------+-------------------------+-----
Maces & Flails | 3 4 5 6 |  6.0
Dodging        | 1 2 |  2.7
Shields        | 4 5 |  5.5
Fighting       | 4 |  4.3
Armour         | 4 5 |  5.5
Stealth        | 1 |  1.0

Action                   |  1- 3 |  4- 6 |  7- 9 || total
-------------------------+-------+-------+-------++-------
Melee: Flail             |   113 |   180 |   300 ||   593
  Use: Scroll            |     2 |       |     5 ||     7
       Potion            |       |     4 |     2 ||     6
  Eat: Ration            |     1 |     2 |     2 ||     5
Armor: Scale mail        |    49 |    71 |   114 ||   234
Dodge: Dodged            |    26 |    60 |   101 ||   187
Block: Shield            |    63 |    91 |   162 ||   316
